 Dungeon Crawl Stone Soup version 0.24.0-37-gcf1ca852f1 (webtiles) character file.

Game seed: 7279010388789455337, levelgen mode: deterministic

188 Korkiloff the Skirmisher (level 5, -1/42 HPs)
             Began as a Demonspawn Abyssal Knight on Dec 8, 2019.
             Was a Believer of Lugonu.
             Slain by an ogre
             ... wielding a cursed -1 giant club
              (5 damage)
             ... on level 4 of the Dungeon.
             The game lasted 00:11:09 (3151 turns).

Korkiloff the Skirmisher (DsAK)                     Turns: 3151, Time: 00:11:10

Health: -1/42      AC:  7    Str: 10 (13) XL:     5   Next: 39%
Magic:  6/6        EV: 11    Int: 10 (13) God:    Lugonu [**....]
Gold:   153        SH:  7    Dex: 12 (13) Spells: 4/4 levels left

rFire    . . .     SeeInvis .   y - +2 short sword (elec)
rCold    . . .     Gourm    .   l - +0 shield {AC+3}
rNeg     . . .     Faith    .   b - +0 leather armour
rPois    .         Spirit   .   (no helmet)
rElec    .         Reflect  .   (no cloak)
rCorr    .         Harm     .   w - +0 pair of gloves
MR       .....                  (no boots)
Stlth    ++........             (no amulet)
HPRegen  0.14/turn              h - ring of wizardry
MPRegen  0.10/turn              (no ring)

@: no status effects
A: repulsion field 2, nightstalker 1, rot immunity
a: Depart the Abyss, Bend Space, Renounce Religion


You were on level 4 of the Dungeon.
You worshipped Lugonu.
Lugonu was pleased with you.
You were not hungry.

You visited 1 branch of the dungeon, and saw 4 of its levels.
You visited the Abyss 1 time.

You collected 153 gold pieces.

Inventory:

Hand Weapons
 a - a +1 falchion
 r - a +0 long sword
 y - a +2 short sword of electrocution (weapon)
Missiles
 e - 56 bolts
Armour
 b - a +0 leather armour (worn)
 l - a +0 shield of protection (worn)
 w - a +0 pair of gloves (worn)
Jewellery
 h - a ring of wizardry (left hand)
 z - a +1 ring of protection
Scrolls
 d - 4 scrolls of blinking {unknown}
 f - a scroll of amnesia {unknown}
 g - 9 scrolls of identify {unknown}
 k - 2 scrolls of fear {unknown}
 m - 5 scrolls of teleportation {unknown}
 q - a scroll of magic mapping {unknown}
 s - a scroll of remove curse {unknown}
 u - a scroll of fog {unknown}
 v - a scroll of enchant weapon {unknown}
Potions
 j - a potion of might {unknown}
 n - a potion of degeneration
 o - a potion of ambrosia {unknown}
 p - 3 potions of curing {unknown}
 t - 3 potions of agility {unknown}
 x - a potion of magic {unknown}
Comestibles
 c - 5 rations


   Skills:
 + Level 4.2 Fighting
 + Level 0.2(2.1) Short Blades
 + Level 3.4 Long Blades
 + Level 2.3 Armour
 + Level 1.2 Dodging
 + Level 0.2 Stealth
 + Level 1.2 Shields
 + Level 2.6 Invocations


You had 4 spell levels left.
You didn't know any spells.
Your spell library was empty.

Dungeon Overview and Level Annotations

Branches:
Dungeon (4/15)
 Temple: D:4-7

Altars:
Nemelex Xobeh
Vehumet


Innate Abilities, Weirdness & Mutations

You are surrounded by a moderate repulsion field. (EV +3)
You are slightly more attuned to the shadows.
You are immune to rotting.


Message History

There is a stone staircase leading down here.
You climb downwards.
There is a stone staircase leading up here.
An ogre comes into view. It is wielding a -1 giant club.
You puncture the ogre!
The ogre is moderately wounded.
The ogre hits you with a cursed -1 giant club.
You hit the ogre but do no damage.
The ogre is moderately wounded.
The ogre hits you with a cursed -1 giant club!!
Ouch! That really hurt!
You hit the ogre.
The ogre is heavily wounded.
The ogre hits you with a cursed -1 giant club!
* * * LOW HITPOINT WARNING * * *
It was a potion of degeneration.
There was something very wrong with that liquid.
You feel weakened.
You feel dopey.
You feel clumsy.
The ogre hits you with a cursed -1 giant club.
You die...

#.# #.# #.#
#.# #.# #.#
#.## #O.# .
##@.# #..
####...###....
#............#
.......<...##
...........##
..........##
##........#
#.####...# ..
#####


You could see an ogre.

Vanquished Creatures
  A worker ant (D:3)
  4 gnolls (D:3)
  3 adders
  An ooze (D:2)
  2 worms (D:2)
  3 dart slugs
  4 leopard geckos
  7 orcs
  2 ball pythons (D:2)
  8 giant cockroaches
  7 goblins
  8 hobgoblins
  3 quokkas (D:2)
  4 bats
  6 frilled lizards
  7 kobolds
  5 rats
75 creatures vanquished.

Notes
Turn   | Place    | Note
-------+----------+-------------------------------------------
     0 | Abyss:1  | Korkiloff the Demonspawn Abyssal Knight began the quest for
                  | the Orb.
     0 | Abyss:1  | Reached XP level 1. HP: 18/18 MP: 2/2
    52 | Abyss:1  | Noticed a small abomination
   101 | Abyss:1  | Noticed a worldbinder
   114 | Abyss:1  | Noticed a fire dragon simulacrum
   125 | Abyss:1  | Noticed a soldier ant
   125 | Abyss:1  | a shapeshifter changed into a soldier ant
   125 | Abyss:1  | Noticed a lich
   126 | D:1      | Escaped the Abyss
   248 | D:1      | Reached * piety under Lugonu
   248 | D:1      | Gained mutation: You are surrounded by a mild repulsion
                  | field. (EV +2) [demonic ancestry]
   248 | D:1      | Reached XP level 2. HP: 22/24 MP: 3/3
   897 | D:2      | Gained mutation: You are immune to rotting. [demonic
                  | ancestry]
   897 | D:2      | Reached XP level 3. HP: 21/30 MP: 4/4
   903 | D:2      | Reached skill level 1 in Dodging
  1719 | D:2      | Found a radiant altar of Vehumet.
  1780 | D:2      | Found a sparkling altar of Nemelex Xobeh.
  1789 | D:2      | Gained mutation: You are surrounded by a moderate repulsion
                  | field. (EV +3) [demonic ancestry]
  1789 | D:2      | Reached XP level 4. HP: 33/37 MP: 5/5
  1791 | D:2      | Reached ** piety under Lugonu
  2233 | D:3      | Reached skill level 1 in Shields
  2318 | D:3      | Gained mutation: You are slightly more attuned to the
                  | shadows. [demonic ancestry]
  2318 | D:3      | Reached XP level 5. HP: 21/42 MP: 6/6
  2641 | D:3      | Reached skill level 4 in Fighting
  3139 | D:4      | Noticed an ogre
  3151 | D:4      | Slain by an ogre

Levels and vault maps discovered:
D:1:      matt_arrival_spirals, layout_loops_ring
D:2:      kb_forest_paths, layout_basic, nicolae_overflow_hidden_temple,
          nemelex_dance_club_becter
D:3:      layout_basic
D:4:      layout_layer_cave, minmay_temple_entry_stoned_glass,
          nicolae_dithmenos_through_a_glass_darkly, uniq_natasha

Skill      XL: |  1  2  3  4  5 |
---------------+----------------+-----
Armour         | 2 |  2.3
Long Blades    | 2 3 |  3.4
Dodging        | 1 |  1.2
Shields        | 1 |  1.2
Fighting       | 4 |  4.2
Short Blades   | |  0.2
Stealth        | |  0.2
Invocations    | |  2.6

Action                   |  1- 3 |  4- 6 || total
-------------------------+-------+-------++-------
Melee: Falchion          |   137 |    70 ||   207
       Short sword       |       |    45 ||    45
Invok: Depart the Abyss  |     1 |       ||     1
  Use: Potion            |       |     2 ||     2
 Stab: Sleeping          |     1 |     1 ||     2
  Eat: Chunk             |     3 |     5 ||     8
Armor: Leather armour    |    36 |    25 ||    61
Dodge: Dodged            |    71 |    51 ||   122
Block: Shield            |    36 |    41 ||    77
       Rpst.: Falchion   |    22 |    13 ||    35
